cohdb
Replays
Latest Replays
All Replays
Popular Replays
Top Player Replays
Match Explorer
How It Works
Community
CoH3 Stats
Reddit
Sign in to upload your games and track your stats! →
Sign in with Steam
Match 42815979
Unlisted
Match 42815979
Overview
Messages
Build Orders
End
Vickers Machine Gun Team
Selects Air and Sea Battlegroup
Construct Section Command Post
Vickers Machine Gun Team
Infantry Section
Infantry Section
Construct Platoon Command Post
Grenade Package
Infantry Section
Selects Commando Section Paradrop
Selects M1 Pack Howitzer Paradrop
Construct Field Infirmary
M1 Pack Howitzer Paradrop
Selects Naval Blockade
6-pounder Anti-tank Gun Team
Vickers Machine Gun Team
M1 Pack Howitzer Paradrop
Construct Company Command Post
Selects UNKNOWN (223837)
Matilda II Heavy Tank
Selects Anti-tank Rocket Loiter
Anti-tank Rocket Loiter
Infantry Section
Vickers Machine Gun Team
Matilda II Heavy Tank
Anti-tank Rocket Loiter
Royal Engineer Section
Selects Naval Bombardment
Naval Bombardment
Royal Engineer Section
Anti-tank Rocket Loiter
Naval Blockade
Crusader II Medium Tank
Infantry Section
M1 Pack Howitzer Paradrop
Royal Engineer Section
Infantry Section
Euler 453
Fajolada
0
0
Comments
sign in to comment!
No comments posted yet!